 Dungeon Crawl Stone Soup version 0.29-a0-221-gceb61267dd (webtiles) character file.

Game seed: 14690708632534796415

1845 sammy202020 the Skirmisher (level 8, -3/64 HPs)
             Began as a Demonspawn Berserker on Feb 26, 2022.
             Was a Priest of Trog.
             Slain by an orc warrior
             ... wielding a +0 glaive
              (16 damage)
             ... on level 6 of the Dungeon.
             The game lasted 00:18:04 (6516 turns).

sammy202020 the Skirmisher (Demonspawn Berserker)   Turns: 6516, Time: 00:18:04

Health: -3/64      AC: 11    Str: 19    XL:     8   Next: 88%
Magic:  8/8        EV:  9    Int:  9    God:    Trog [***...]
Gold:   413        SH:  6    Dex: 13    Spells: 7/7 levels left

rFire   . . .      SeeInvis +   n - +0 war axe
rCold   . . .      Faith    .   e - +1 buckler
rNeg    . . .      Spirit   .   g - +0 chain mail
rPois   .          Reflect  .   k - +0 helmet
rElec   .          Harm     .   (no cloak)
rCorr   .          Rampage  .   (no gloves)
Will    .....                   (no boots)
Stlth   ..........              b - amulet of regeneration
HPRegen 1.00/turn               i - ring of see invisible
MPRegen 0.11/turn               (no ring)

@: on berserk cooldown, slowed, very slow
A: powered by death 1, weakness stinger 2
a: Renounce Religion, Berserk, Trog's Hand


You were on level 6 of the Dungeon.
You worshipped Trog.
Trog was most pleased with you.
You visited 1 branch of the dungeon, and saw 6 of its levels.

You collected 413 gold pieces.

Inventory:

Hand Weapons
 n - a +0 war axe (weapon)
Armour
 e - a +1 buckler (worn)
 g - a +0 chain mail (worn)
 k - a +0 helmet (worn)
Jewellery
 b - an amulet of regeneration (around neck)
 i - a ring of see invisible (left hand)
Wands
 d - a wand of iceblast (7)
Scrolls
 f - a scroll of immolation
 j - 2 scrolls of enchant weapon
 m - 2 scrolls of teleportation
 o - a scroll of noise {unknown}
Potions
 a - a potion of might {unknown}
 c - 3 potions of heal wounds
 h - 4 potions of curing
 l - a potion of haste
 p - a potion of berserk rage {unknown}


   Skills:
 + Level 5.9 Fighting
 + Level 5.4 Axes
 + Level 5.0 Armour
 + Level 5.0 Dodging
 + Level 4.3 Shields


You had 7 spell levels left.
You didn't know any spells.
Your spell library was empty.

Dungeon Overview and Level Annotations

Branches:
Dungeon (6/15)
 Temple: D:4-7

Altars:
Gozag
Nemelex Xobeh
Qazlal
Sif Muna

Shops:
D:3 ?   D:5 (:([*


Innate Abilities, Weirdness & Mutations

You regenerate a little health from kills.
You have a tail ending in a sharp stinger.


Message History

The orc hits you but does no damage.
The orc wizard points at you and mumbles some strange words.
You resist with almost no effort. The orc warrior closely misses you.
You block the orc's attack.
The orc wizard points at you and mumbles some strange words.
You resist with almost no effort. You block the orc warrior's attack.
You barely miss the orc wizard. You tail-slap the orc wizard.
You kill the orc wizard!
Trog accepts your kill.
Trog appreciates your killing of a magic user.
You closely miss the orc warrior. You hit the orc.
You kill the orc!
Trog accepts your kill.
Your skin stops crawling.
You feel less strong-willed.
The orc warrior hits you with a +0 glaive.
Your Armour skill increases to level 5!
You barely miss the orc warrior.
The orc warrior is heavily wounded.
You block the orc warrior's attack.
The orc warrior hits you with a +0 glaive!!
You slash the orc warrior!
The orc warrior is almost dead.
You block the orc warrior's attack.
The orc warrior hits you with a +0 glaive!
You barely miss the orc warrior.
The orc warrior is almost dead.
You block the orc warrior's attack.
The orc warrior hits you with a +0 glaive!!
* * * LOW HITPOINT WARNING * * *
Unknown command.
You barely miss the orc warrior.
The orc warrior is almost dead.
The orc warrior hits you with a +0 glaive.
* * * LOW HITPOINT WARNING * * *
The orc warrior barely misses you.
You hit the orc warrior but do no damage.
Your tail-slap misses the orc warrior.
The orc warrior is almost dead.
The orc warrior hits you with a +0 glaive!
You die...

##...## .)# ..
##...######..##.####.....
#....##............#.....
...####..................
.........................
.....####..#.............
...<## ##..#.....$.......
.....###...#...))........
...............o@..#
...#..##.......##)## ..
##...o...[###.... .
#...ยง..$..........
#..........#....#...
#.#.#..#...#...## ..
#...#.....(.###.. #
....##..###### .. #....
....


You could see an orc warrior.

Vanquished Creatures
  Eustachio (D:5)
  Menkaure (D:5)
  A water moccasin (D:6)
  A black bear (D:3)
  2 ogres
  5 phantoms
  A kobold brigand (D:6)
  4 scorpions
  3 hounds
  A jelly (D:5)
  3 orc priests
  7 orc wizards
  6 adders
  3 ufetubi
  5 worms
  A dart slug (D:4)
  12 orcs
  7 bats
  6 endoplasms
  6 giant cockroaches
  6 goblins
  4 hobgoblins (D:1)
  4 jackals
  2 quokkas
  4 ball pythons
  2 frilled lizards
  13 kobolds
  6 rats
117 creatures vanquished.

Vanquished Creatures (others)
  5 plants (D:2)
5 creatures vanquished.

Grand Total: 122 creatures vanquished

Notes
Turn   | Place    | Note
-------+----------+-------------------------------------------
     0 | D:1      | sammy202020 the Demonspawn Berserker began the quest for
                  | the Orb.
     0 | D:1      | Reached XP level 1. HP: 18/18 MP: 1/1
   466 | D:1      | Discovered your monstrous ancestry.
   466 | D:1      | Gained mutation: You have a small tail. [demonic ancestry]
   466 | D:1      | Reached XP level 2. HP: 19/24 MP: 2/2
  1704 | D:2      | Noticed a scorpion
  1716 | D:2      | Killed a scorpion
  1717 | D:2      | Reached skill level 1 in Shields
  1717 | D:2      | Reached XP level 3. HP: 27/29 MP: 3/3
  1717 | D:2      | Reached XP level 4. HP: 33/35 MP: 4/4
  2188 | D:2      | Found a stormy altar of Qazlal.
  2663 | D:3      | Found a shimmering blue altar of Sif Muna.
  2676 | D:3      | Found a sparkling altar of Nemelex Xobeh.
  2955 | D:3      | Noticed a black bear
  2964 | D:3      | Killed a black bear
  2965 | D:3      | Gained mutation: You have a tail ending in a sharp stinger.
                  | [demonic ancestry]
  2965 | D:3      | Reached XP level 5. HP: 37/42 MP: 5/5
  3042 | D:3      | Found Ynatwaad's Magic Scroll Boutique.
  3344 | D:3      | Noticed a golden eye
  3347 | D:3      | Found a faded altar of an unknown god.
  3350 | D:3      | Noticed a shining eye
  3350 | D:3      | Noticed a golden eye
  3350 | D:3      | Noticed a shining eye
  3398 | D:3      | Identified the +7 mace "Qaso" {pain, Dex+4}
  4005 | D:4      | Reached ** piety under Trog
  4100 | D:4      | Noticed a phantom
  4123 | D:4      | Killed a phantom
  4124 | D:4      | Gained mutation: You regenerate a little health from kills.
                  | [demonic ancestry]
  4124 | D:4      | Reached XP level 6. HP: 48/48 MP: 6/6
  4412 | D:4      | Reached XP level 7. HP: 55/55 MP: 7/7
  4969 | D:5      | Entered Level 5 of the Dungeon
  4969 | D:5      | Found Oduxetz's Armour Emporium.
  5027 | D:5      | Found a glowing drain.
  5319 | D:5      | Found Kubu's Assorted Antiques.
  5375 | D:5      | Noticed Menkaure
  5385 | D:5      | Killed Menkaure
  5386 | D:5      | Reached skill level 5 in Fighting
  5425 | D:5      | Found Itwogu's Book Boutique.
  5451 | D:5      | Found Muhuokk's Weapon Emporium.
  5491 | D:5      | Found an opulent altar of Gozag.
  5509 | D:5      | Reached XP level 8. HP: 59/62 MP: 8/8
  5595 | D:5      | Found Gaitudi's Antique Weapon Emporium.
  5595 | D:5      | Noticed Eustachio
  5603 | D:5      | Killed Eustachio
  6261 | D:6      | Reached skill level 5 in Axes
  6302 | D:6      | Reached *** piety under Trog
  6507 | D:6      | Reached skill level 5 in Dodging
  6512 | D:6      | Reached skill level 5 in Armour
  6516 | D:6      | Slain by an orc warrior

Illustrated notes

Levels and vault maps discovered:
D:1:      sevenhm_arrival_forest_fort_small_3, layout_basic
D:2:      layout_loops_ring, serial_forest, infiniplex_forest_pool,
          infiniplex_forest_clump_long, infiniplex_forest_end_3,
          infiniplex_forest_clump_medium, infiniplex_forest_straight_4,
          infiniplex_forest_lined_2, basic_altar, minmay_3d_cube
D:3:      layout_loops_corners, jmf_multi_god_temple,
          hellmonk_ecumenical_altar_watching_god, serial_shops,
          nicolae_shop_stone, kennysheep_decorative_pillar
D:4:      minmay_razor_zed, layout_gridville, minmay_increasing_density
D:5:      layout_layer_cave, nicolae_overflow_crystal_walls,
          gup_sewer_entry_glass, serial_shops, nicolae_stop_n_shop_2,
          nicolae_shop_competitors_out_of_business, shop,
          nicolae_shop_bloodbath_and_beyond, shop, uniq_menkaure, uniq_eustachio
D:6:      layout_cave_pools

Skill      XL: |  1  2  3  4  5  6  7  8 |
---------------+-------------------------+-----
Armour         | 2 3 4 5 |  5.0
Dodging        | 2 3 4 5 |  5.0
Axes           | 3 4 5 |  5.4
Shields        | 1 2 3 4 |  4.3
Fighting       | 4 5 |  5.9

Action                   |  1- 3 |  4- 6 |  7- 9 || total
-------------------------+-------+-------+-------++-------
Melee: Hand axe          |    99 |   187 |   101 ||   387
       Punch             |     1 |       |       ||     1
       Tailslap          |    11 |    21 |    30 ||    62
       War axe           |       |       |   133 ||   133
Invok: Berserk           |     2 |     2 |     4 ||     8
       Trog's Hand       |       |     1 |     2 ||     3
  Use: Scroll            |       |     9 |     1 ||    10
Armor: Leather armour    |    10 |       |       ||    10
       Animal skin       |     7 |       |       ||     7
       Scale mail        |     8 |       |       ||     8
       Chain mail        |     5 |   119 |   126 ||   250
Dodge: Dodged            |    43 |    66 |   119 ||   228
Block: Buckler           |     3 |    54 |    80 ||   137

Table legend: (Time is in decaauts)
 A = Elapsed time spent in this place.
 B = Non-inter-level travel time spent in this place.
 C = Inter-level travel time spent in this place.
 D = Time resting spent in this place.
 E = Time spent auto-exploring this place.
 F = Levels seen in this place.
 G = Mean time per level.
                   A        B        C        D        E       F      G
               +--------+--------+--------+--------+--------+-----+--------+
         Total |   6695 |   6435 |    260 |    453 |   4575 |   6 | 1115.8 |
       Dungeon |   6695 |   6435 |    260 |    453 |   4575 |   6 | 1115.8 |
               +--------+--------+--------+--------+--------+-----+--------+

Top non-repeatable levels by time:
     D:1: 1451 daAuts
     D:5: 1334 daAuts
     D:2: 1265 daAuts
     D:3: 1247 daAuts
     D:4: 1111 daAuts
     D:6: 285 daAuts
